 Dungeon Crawl Stone Soup version 0.24.0-1-gfbc8707122 (webtiles) character file.

Game seed: 6641689825057108054, levelgen mode: deterministic

3395 Mrkan the Cleaver (level 9, 0/82 HPs)
             Began as a Deep Dwarf Fighter on Oct 27, 2019.
             Was a Priest of Makhleb.
             Slain by a purple very ugly thing (22 damage)
             ... on level 1 of the Abyss.
             The game lasted 00:15:52 (6303 turns).

Mrkan the Cleaver (Deep Dwarf Fighter)              Turns: 6303, Time: 00:15:54

Health: 0/82       AC: 18    Str: 24    XL:     9   Next: 75%
Magic:  7/7        EV: 10    Int:  9    God:    Makhleb [***...]
Gold:   190        SH: 11    Dex: 14    Spells: 8/8 levels left

rFire    . . .     SeeInvis .   G - +3 war axe of the Original Sin {protect, Str+3}
rCold    . . .     Gourm    .   c - +0 shield
rNeg     . . .     Faith    .   q - +0 chain mail
rPois    .         Spirit   .   (no helmet)
rElec    .         Reflect  .   b - +0 cloak
rCorr    .         Harm     .   (no gloves)
MR       +....                  (no boots)
Stlth    ..........             (no amulet)
HPRegen  0.00/turn              (no ring)
MPRegen  0.10/turn              (no ring)

@: protection aura, non-regenerating
A: damage resistance, heal wounds, sense surroundings 2, no regeneration
a: Heal Wounds, Minor Destruction, Lesser Servant of Makhleb, Renounce Religion


You were on level 1 of the Abyss.
You worshipped Makhleb.
Makhleb was most pleased with you.
You were not hungry.

You visited 2 branches of the dungeon, and saw 9 of its levels.
You visited the Abyss 1 time.
You also visited: Sewer and Ossuary.

You collected 322 gold pieces.
You spent 132 gold pieces at shops.

Inventory:

Hand Weapons
 a - a +0 war axe
 G - the +3 war axe of the Original Sin (weapon) {protect, Str+3}
   (You found it on level 7 of the Dungeon)

   It grants its wielder temporary protection when it strikes (+7 to AC).
   It affects your strength (+3).
Armour
 b - a +0 cloak (worn)
 c - a +0 shield (worn)
 q - a +0 chain mail (worn)
 K - a +0 pair of boots
Jewellery
 d - an uncursed amulet of rage
 x - an uncursed ring of resist corrosion
 E - an uncursed ring of protection from magic
Wands
 n - a wand of random effects (17)
 B - a wand of acid (14)
 I - a wand of digging (7)
 J - a wand of flame (17)
Scrolls
 e - 3 scrolls of identify
 h - a scroll of enchant armour {unknown}
 j - 2 scrolls of magic mapping
 k - a scroll of fog {unknown}
 l - 2 scrolls of teleportation {unknown}
 m - 2 scrolls of random uselessness {unknown}
 t - 5 scrolls of fear
 u - a scroll of immolation {unknown}
 y - a scroll of remove curse
 H - a scroll of noise {unknown}
Potions
 g - 4 potions of cancellation
 i - a potion of agility {unknown}
 o - 2 potions of mutation
 p - 3 potions of heal wounds
 r - 2 potions of haste
 s - 2 potions of invisibility {unknown}
 v - a potion of degeneration {unknown}
 w - 4 potions of flight
 z - 8 potions of curing
 A - a potion of might
 C - a potion of resistance {unknown}
 D - 3 potions of lignification
 F - a potion of brilliance {unknown}
Comestibles
 f - 11 rations
 L - 7 chunks of flesh


   Skills:
 + Level 5.8 Fighting
 * Level 9.0 Axes
 - Level 6.0 Armour
 + Level 6.1 Dodging
 + Level 7.1 Shields
 + Level 3.9 Invocations


You had 8 spell levels left.
You didn't know any spells.
Your spell library contained the following spells:

 Spells                   Type           Power        Failure   Level  Hunger
 Beastly Appendage        Tmut           #.....       100%        1    ##.....
 Sticks to Snakes         Tmut           #.......     100%        2    ###....
 Spider Form              Tmut/Pois      #.........   100%        3    ####...
 Ice Form                 Ice/Tmut       #.......     100%        4    #####..
 Blade Hands              Tmut           #.........   100%        5    ######.


Dungeon Overview and Level Annotations

Branches:
Dungeon (8/15)             Temple (1/1) D:5           Sewer (visited)
Ossuary (visited)
   Lair: D:8-11

Altars:
Ashenzari
Cheibriados
Dithmenos
Fedhas
Kikubaaqudgha
Makhleb
Nemelex Xobeh
Qazlal
Sif Muna
Trog
Wu Jian
Xom
Yredelemnul

Shops:
D:4 [   D:6 =   D:7 !

Annotations:
D:4 1 runed translucent door, diiiiiane's ghost, amateur DEFE


Innate Abilities, Weirdness & Mutations

You are resistant to damage.
You can heal yourself by infusing magical energy.
You passively map the area around you.
You do not regenerate.


Message History

The thrashing horror closely misses you.
You block the thrashing horror's attack.
You block the thrashing horror's attack.
The thrashing horror tramples you but does no damage.
The thrashing horror roars!
The chaos spawn shouts in stereo!
You block the thrashing horror's attack.
The thrashing horror barely misses you.
You slash the purple very ugly thing!
Your weapon exudes an aura of protection.
The purple very ugly thing is lightly wounded.
The thrashing horror barely misses you.
The thrashing horror tramples you but does no damage.
The purple very ugly thing closely misses you.
You hit the purple very ugly thing but do no damage.
The purple very ugly thing is lightly wounded.
The thrashing horror tramples you!
You stumble backwards!
The purple very ugly thing headbutts you!
* * * LOW HITPOINT WARNING * * *
The purple very ugly thing headbutts you!!
You die...

..#. ... .. ....#
...# .. ### ##.##
#.. #.###...## ..
## .
#@.#.....#....#...
#.u24x.......... .
#X.#5....#.. .....
#.###...## ... ..
### ##.## ##2. ...
##...###. ## .
.#.....# ...#. .
... .....x..x ....
...#.....#. ......


You could see a purple very ugly thing, a green death, a thrashing horror, a
chaos spawn, a small abomination and a quasit.

Vanquished Creatures
  Sigmund (D:5)
  A human (D:7)
  2 yaks
  3 hogs (D:7)
  Duvessa (D:7)
  A necrophage (D:7)
  2 ogres
  A centaur (D:6)
  A big kobold (Sewer)
  4 bullfrogs
  4 water moccasin zombies (Ossuary)
  Dowan (D:7)
  A scorpion (D:6)
  4 wights
  A howler monkey (D:5)
  3 quasits
  9 crimson imps
  2 hounds
  2 orc wizards (D:8)
  Crazy Yiuf (D:2)
  A bullfrog skeleton (D:5)
  2 orc priests
  Jessica (D:2)
  3 worker ants
  2 big kobold zombies (Ossuary)
  3 mummies
  9 adders
  2 river rats (Sewer)
  A shadow imp (Abyss:1)
  2 white imps (D:7)
  3 oozes
  7 adder zombies
  An adder skeleton (D:5)
  2 worms
  2 dart slugs (D:2)
  6 leopard geckos
  8 orcs
  10 giant cockroaches
  2 gnoll zombies (Ossuary)
  8 goblins
  11 hobgoblins
  8 jackals
  13 kobolds
  3 quokkas
  2 ball pythons
  10 bats
  5 frilled lizards
  A goblin zombie (D:6)
  6 hobgoblin zombies
  A jackal skeleton (D:8)
  4 kobold zombies (Ossuary)
  3 orc zombies (Ossuary)
  A quokka skeleton (D:4)
  13 rats
201 creatures vanquished.

Notes
Turn   | Place    | Note
-------+----------+-------------------------------------------
     0 | D:1      | Mrkan the Deep Dwarf Fighter began the quest for the Orb.
     0 | D:1      | Reached XP level 1. HP: 20/20 MP: 1/1
   115 | D:1      | Reached XP level 2. HP: 22/27 MP: 2/2
   774 | D:1      | Reached XP level 3. HP: 23/33 MP: 3/3
   883 | D:1      | Noticed a troll
   884 | D:1      | Reached skill level 1 in Dodging
  1057 | D:2      | Reached skill level 3 in Axes
  1193 | D:2      | Found a runed translucent door.
  1194 | D:2      | Noticed Crazy Yiuf
  1240 | D:2      | Noticed Jessica
  1245 | D:2      | Killed Jessica
  1245 | D:2      | Reached XP level 4. HP: 40/42 MP: 3/3
  1295 | D:2      | Found an ancient bone altar of Kikubaaqudgha.
  1460 | D:2      | Noticed a bullfrog
  1471 | D:2      | Killed a bullfrog
  1471 | D:2      | Reached skill level 4 in Axes
  1471 | D:2      | Reached XP level 5. HP: 31/49 MP: 4/4
  1589 | D:2      | Found a blossoming altar of Fedhas.
  1783 | D:2      | Killed Crazy Yiuf
  2041 | D:3      | Found a basalt altar of Yredelemnul.
  2142 | D:3      | Found a stormy altar of Qazlal.
  2321 | D:4      | Reached XP level 6. HP: 29/56 MP: 5/5
  2367 | D:4      | Found a runed translucent door.
  2368 | D:4      | Noticed diiiiiane's ghost (amateur DEFE)
  2450 | D:4      | Found a glowing drain.
  2480 | Sewer    | Entered a sewer
  2631 | Sewer    | Found a glowing silver altar of Zin.
  2734 | D:4      | Reached skill level 5 in Axes
  2960 | D:4      | Found Vumenox's Armour Shoppe.
  3081 | D:5      | Entered Level 5 of the Dungeon
  3170 | D:5      | Reached XP level 7. HP: 46/63 MP: 6/6
  3195 | D:5      | Noticed Sigmund
  3242 | D:5      | Killed Sigmund
  3303 | D:5      | Found a staircase to the Ecumenical Temple.
  3311 | Temple   | Entered the Ecumenical Temple
  3415 | Temple   | Became a worshipper of Makhleb the Destroyer
  3446 | D:5      | Found a shadowy altar of Dithmenos.
  3658 | D:5      | Reached skill level 5 in Armour
  3731 | D:5      | Reached skill level 5 in Shields
  3875 | D:5      | Reached skill level 6 in Axes
  4282 | D:6      | Reached XP level 8. HP: 38/72 MP: 6/6
  4511 | D:6      | Found Karouwnu's Jewellery Shop.
  4655 | D:6      | Found a sand-covered staircase.
  4673 | Ossuary  | Entered an ossuary
  4706 | Ossuary  | Reached * piety under Makhleb
  4903 | D:6      | Reached skill level 7 in Axes
  4994 | D:6      | Found a snail-covered altar of Cheibriados.
  5313 | D:6      | Reached ** piety under Makhleb
  5473 | D:7      | Reached skill level 5 in Fighting
  5494 | D:7      | Reached skill level 5 in Dodging
  5496 | D:7      | Noticed Duvessa
  5497 | D:7      | Noticed Dowan
  5545 | D:7      | Killed Duvessa
  5549 | D:7      | Killed Dowan
  5549 | D:7      | Reached skill level 1 in Invocations
  5549 | D:7      | Gained mutation: You passively map the area around you.
                  | [Deep Dwarf growth]
  5549 | D:7      | Reached XP level 9. HP: 49/81 MP: 7/7
  5604 | D:7      | Reached skill level 8 in Axes
  5672 | D:7      | Got a steaming war axe
  5684 | D:7      | Identified the cursed +3 war axe of the Original Sin
                  | {protect, Str+3} (You found it on level 7 of the Dungeon)
  5905 | D:7      | Found a sparkling altar of Nemelex Xobeh.
  5906 | D:7      | Found a shattered altar of Ashenzari.
  5962 | D:7      | Found Vaaruac's Distillery.
  5978 | D:7      | Bought a potion of heal wounds for 60 gold pieces
  5978 | D:7      | Bought a potion of curing for 36 gold pieces
  5978 | D:7      | Bought a potion of lignification for 36 gold pieces
  6088 | D:8      | Found a shimmering altar of Xom.
  6147 | D:8      | Noticed a two-headed ogre
  6166 | D:8      | Reached skill level 9 in Axes
  6169 | D:8      | Cast into level 1 of the Abyss (gnoll sergeant)
  6171 | Abyss:1  | Found a corrupted altar of Lugonu.
  6175 | Abyss:1  | Noticed a thrashing horror
  6224 | Abyss:1  | Reached *** piety under Makhleb
  6259 | Abyss:1  | Noticed a large abomination
  6287 | Abyss:1  | Noticed a purple very ugly thing
  6290 | Abyss:1  | Noticed a green death
  6293 | Abyss:1  | Noticed a large abomination
  6303 | Abyss:1  | Slain by a purple very ugly thing

Levels and vault maps discovered:
D:1:      erik_arrival_cave_to_civilisation [erik_arrival_cave_to_temple],
          layout_basic
D:2:      layout_loops_cross, fedhas_altar_2, nicolae_overflow_hidden_temple,
          uniq_crazy_yiuf_cottage, uniq_jessica
D:3:      layout_rooms, nicolae_overflow_crystal_walls, first_ration,
          nicolae_qazlal_eye_of_the_storm
D:4:      layout_basic, serial_shops, shop, portal_sewer_entry_f,
          ebering_ghost_sewer_d, minivault_4
D:5:      layout_layer_cave, temple_fountains, grunt_dithmenos_smoke,
          uniq_sigmund
D:6:      layout_cave_pods, lemuel_doored_altar, nicolae_ossuary_entry_giza,
          serial_shops, nicolae_shop_trees, kennysheep_pointless_box
D:7:      layout_cave_pools, minitemple, serial_shops,
          nicolae_shop_competitors_out_of_business, grunt_livestock,
          minmay_nine_imps, uniq_duvessa
D:8:      layout_layer_cave, old_standard_altar, dancing_weapons_uskayaw,
          grunt_lair_entry_orc_guard_hut, worms_lemuel
Temple:   minmay_temple_curvy_branch
Abyss:1:  hangedman_stitches_earthworm

Skill      XL: |  1  2  3  4  5  6  7  8  9 |
---------------+----------------------------+-----
Dodging        | 1 2 3 5 6 |  6.1
Axes           | 3 4 5 6 7 9 |  9.0
Fighting       | 3 4 5 |  5.8
Armour         | 4 5 6 |  6.0
Shields        | 4 5 6 7 |  7.1
Invocations    | 1 3 |  3.9

Action                   |  1- 3 |  4- 6 |  7- 9 || total
-------------------------+-------+-------+-------++-------
Melee: War axe           |   140 |   225 |   492 ||   857
 Abil: Heal Wounds       |     1 |     2 |    10 ||    13
  Use: Potion            |       |       |     3 ||     3
       Scroll            |       |       |    12 ||    12
  Eat: Chunk             |     1 |     7 |     8 ||    16
       Ration            |       |       |     1 ||     1
Armor: Scale mail        |    70 |    18 |       ||    88
       Chain mail        |       |   106 |   429 ||   535
Dodge: Dodged            |    39 |    75 |   291 ||   405
Block: Shield            |    58 |   127 |   411 ||   596
